 Dungeon Crawl Stone Soup version 0.30-a0-756-gc2185399d4 (webtiles) character file.

Game seed: 8735474521389931115

28 Leeroy the Slasher (level 3, -2/27 HPs)
             Began as a Merfolk Gladiator on Feb 9, 2023.
             Slain by Crazy Yiuf
             ... wielding a +3 quarterstaff of chaos
              (11 damage)
             ... on level 2 of the Dungeon.
             The game lasted 00:00:52 (1095 turns).

Leeroy the Slasher (Merfolk Gladiator)              Turns: 1095, Time: 00:00:52

Health: -2/27      AC:  4    Str: 14    XL:     3   Next: 14%
Magic:  3/3        EV: 13    Int:  7    God:
Gold:   55         SH:  0    Dex: 17    Spells: 2/2 levels left

rFire   . . .      SeeInvis .    a - +0 long sword
rCold   . . .      Faith    .    (no shield)
rNeg    . . .      Spirit   .    b - +0 leather armour
rPois   .          Reflect  .    c - +0 helmet
rElec   .          Harm     .    (no cloak)
rCorr   +          Rampage  .    (no gloves)
Will    .....                    (no boots)
Stlth   +                        j - amulet of magic regeneration
HPRegen 0.24/turn                k - ring of resist corrosion
MPRegen 0.48/turn                (no ring)

@: no status effects
A: (nimble swimmer 2), mertail
a: no special abilities


You were on level 2 of the Dungeon.
You visited 1 branch of the dungeon, and saw 2 of its levels.

You collected 55 gold pieces.

Inventory:

Hand Weapons
 a - a +0 long sword (weapon)
Missiles
 d - 3 throwing nets (quivered)
 e - a javelin
Armour
 b - a +0 leather armour (worn)
 c - a +0 helmet (worn)
Jewellery
 j - an amulet of magic regeneration (around neck)
 k - a ring of resist corrosion (left hand)
Scrolls
 f - a scroll of noise {unknown}
 h - 4 scrolls of identify {unknown}
Potions
 g - a potion of curing {unknown}
 i - a potion of degeneration {unknown}


   Skills:
 - Level 2.1 Fighting
 + Level 5.1 Long Blades
 - Level 2.0 Throwing
 - Level 4.0 Dodging


You had 2 spell levels left.
You didn't know any spells.
Your spell library was empty.

Dungeon Overview and Level Annotations

Branches:
Dungeon (2/15)

Altars:

Annotations:
D:2 Crazy Yiuf


Innate Abilities, Weirdness & Mutations

((You are very nimble when in or above water. (Stealth+, EV+, Speed+++)))
Your lower body shifts to a powerful aquatic tail in water.


Message History

Found a stone staircase leading down.
k - a ring of resist corrosion (left hand)
Found a chain mail.
You start putting on your amulet.
You continue putting on your amulet of magic regeneration. x5
You finish putting on your amulet of magic regeneration.
j - an amulet of magic regeneration (around neck)
Your library has no spells.
You now have 55 gold pieces (gained 7).
Found a ring mail.
You see here a +0 ring mail.
You see here a ball python corpse.
There is an open door here.
Things that are here:
a +0 whip; a kobold corpse Key pressed, stopping explore.
You see here a +0 hammer.
You see here a +0 hammer.
You see here a +0 hammer.
You see here a +0 hammer.
Crazy Yiuf shouts!
No reachable target in view!
No reachable target in view!
No reachable target in view!
No reachable target in view!
You open the door.
Crazy Yiuf zaps a wand.
The roots erupt in riotous growth!
The grasping roots grab you! The grasping roots constrict you.
You escape the roots grasp.
Crazy Yiuf hits you with a +3 quarterstaff of chaos!
Crazy Yiuf freezes you.
There is an open translucent door, spattered with blood here.
You hit Crazy Yiuf.
Crazy Yiuf is moderately wounded.
Crazy Yiuf hits you with a +3 quarterstaff of chaos.
Crazy Yiuf burns you.
You hit Crazy Yiuf.
Crazy Yiuf is heavily wounded.
Crazy Yiuf hits you with a +3 quarterstaff of chaos!
You die...

#.........#
#.###.....# #.#
####..# #.# ####
#.## #.[# #########
#### ♣♣####
##...##### #)..#♣♣
♣))))## #
#.....##.#
#..g@.♣♣♣♣♣)))..#
## #........#
#...#♣..♣.))))).#
#. #.....##.# ####
♣♣♣.♣.)))..# ##
##...#####
♣♣♣♣♣##.## # ##.##
#.## #.# ##########
####.## #.#
#........###.###.##
##.# ###.#######.##
##.# #..# ##'##
##.###.##


You could see Crazy Yiuf.

Vanquished Creatures
  2 dart slugs
  3 ball pythons
  A bat (D:2)
  An endoplasm (D:1)
  A giant cockroach (D:2)
  4 goblins
  A hobgoblin (D:2)
  4 jackals (D:1)
  2 quokkas (D:2)
  A frilled lizard (D:1)
  A kobold (D:2)
21 creatures vanquished.

Notes
Turn   | Place    | Note
-------+----------+-------------------------------------------
     0 | D:1      | Leeroy the Merfolk Gladiator began the quest for the Orb.
     0 | D:1      | Reached XP level 1. HP: 16/16 MP: 1/1
    32 | D:1      | Reached skill level 4 in Long Blades
    45 | D:1      | Reached XP level 2. HP: 8/22 MP: 2/2
   139 | D:1      | You fall into a shaft and drop 1 floor!
   511 | D:2      | Reached XP level 3. HP: 24/27 MP: 3/3
   614 | D:2      | Found a runed translucent door.
   615 | D:2      | Noticed Crazy Yiuf
   703 | D:2      | Reached skill level 5 in Long Blades
  1095 | D:2      | Slain by Crazy Yiuf

Illustrated notes

Levels and vault maps discovered:
D:1:      dpeg_arrival_tiny_g, layout_loops_ring,
          hellmonk_ecumenical_altar_crossroads
D:2:      layout_loops_corners, uniq_crazy_yiuf_cottage

Skill      XL: |  1  2  3 |
---------------+----------+-----
Long Blades    | 4 5 |  5.1
Fighting       | |  2.1
Throwing       | |  2.0
Dodging        | |  4.0

Action                     || total
---------------------------++-------
  Melee: Long sword        ||    55
   Stab: Sleeping          ||     1
 Armour: Leather armour    ||    15
  Dodge: Dodged            ||    46

Table legend: (Time is in decaauts)
 A = Elapsed time spent in this place.
 B = Non-inter-level travel time spent in this place.
 C = Inter-level travel time spent in this place.
 D = Time resting spent in this place.
 E = Time spent auto-exploring this place.
 F = Levels seen in this place.
 G = Mean time per level.
                   A        B        C        D        E       F      G
               +--------+--------+--------+--------+--------+-----+--------+
         Total |   1103 |   1103 |      0 |      0 |    956 |   2 |  551.5 |
       Dungeon |   1103 |   1103 |      0 |      0 |    956 |   2 |  551.5 |
               +--------+--------+--------+--------+--------+-----+--------+

Top non-repeatable levels by time:
     D:2: 960 daAuts
     D:1: 142 daAuts
